 Dungeon Crawl Stone Soup version 0.30-a0-924-g0ad0bf95bc (webtiles) character file.

Game seed: 17265151890272754529

1914 ZappyNine the Trooper (level 8, 0/71 HPs)
             Began as a Green Draconian Fighter on Mar 22, 2023.
             Was a Believer of Sif Muna.
             Slain by a sky beast (5 damage)
             ... on level 6 of the Dungeon.
             The game lasted 00:07:17 (4929 turns).

ZappyNine the Trooper (Green Draconian Fighter)     Turns: 4929, Time: 00:07:17

Health: 0/71       AC:  6    Str: 19    XL:     8   Next: 95%
Magic:  25/25      EV: 13    Int: 10    God:    Sif Muna [**....]
Gold:   424        SH:  4    Dex: 11    Spells: 18/18 levels left

rFire   x . .      SeeInvis .    v - +2 flail (drain)
rCold   . . .      Faith    .    b - +0 buckler
rNeg    . . .      Spirit   .    (body armour unavailable)
rPois   +          Reflect  .    (helmet restricted)
rElec   .          Rampage  .    (no cloak)
rCorr   .                        (no gloves)
Will    .....                    (no boots)
Stlth   +                        u - amulet of magic regeneration
HPRegen 0.31/turn                h - ring of magical power
MPRegen 0.59/turn                m - +4 ring of slaying

@: brilliant, attractive
A: breathe noxious fumes, AC +6, unfitting armour, poison resistance,
cold-blooded, talons 1, heat vulnerability 1
a: Breathe Noxious Fumes, Renounce Religion, Channel Magic


You were on level 6 of the Dungeon.
You worshipped Sif Muna.
Sif Muna was pleased with you.
You visited 1 branch of the dungeon, and saw 6 of its levels.

You collected 424 gold pieces.

Inventory:

Hand Weapons
 v - a +2 flail of draining (weapon)
Armour
 b - a +0 buckler (worn)
Jewellery
 h - a ring of magical power (left hand)
 m - a +4 ring of slaying (right hand)
 u - an amulet of magic regeneration (around neck)
Wands
 c - a wand of flame (19)
Scrolls
 a - a scroll of fear
 d - 2 scrolls of teleportation
 e - a scroll of amnesia
 g - 5 scrolls of identify
 q - 2 scrolls of poison {unknown}
 t - a scroll of enchant weapon {unknown}
 x - a scroll of brand weapon {unknown}
Potions
 f - a potion of curing
 i - a potion of magic {unknown}
 j - a potion of mutation
 k - a potion of brilliance
 l - 2 potions of attraction
 n - a potion of lignification {unknown}
 o - a potion of flight {unknown}
 p - a potion of degeneration {unknown}
 r - a potion of berserk rage {unknown}
 s - a potion of invisibility {unknown}
 w - a potion of heal wounds {unknown}


   Skills:
 + Level 6.7 Fighting
 + Level 5.6 Maces & Flails
 + Level 5.6 Dodging
 - Level 4.1 Shields
 * Level 5.6 Spellcasting


You had 18 spell levels left.
You didn't know any spells.
Your spell library contained the following spells:

 Spells                   Type           Power      Damage    Failure   Level
 Slow                     Hex            16%        N/A       28%         1
 Borgnjor's Revivificati  Necr           2%         N/A       100%        8
 Necromutation            Tmut/Necr      2%         N/A       100%        8
 Death's Door             Necr           2%         N/A       100%        9


Dungeon Overview and Level Annotations

Branches:
Dungeon (6/15)             Temple (0/1) D:5

Altars:
Cheibriados
Nemelex Xobeh
Qazlal
Sif Muna
Uskayaw
Vehumet
Xom
The Shining One

Annotations:
D:6 Maggie


Innate Abilities, Weirdness & Mutations

You can breathe blasts of noxious fumes.
Your lurid green scales are hard. (AC +6)
You cannot fit into any form of body armour.
Your system is resistant to poisons. (rPois)
You are cold-blooded and may be slowed by cold attacks.
You have sharp toenails.
You are vulnerable to heat. (rF-)


Message History

Deactivating autopickup; reactivate with Ctrl-A.
Something hits you. Something shocks you. Maggie closely misses you.
You hit Maggie.
Maggie is moderately wounded.
Something hits you but does no damage. Maggie closely misses you.
Unknown command.
You barely miss Maggie.
Maggie is moderately wounded.
You have got your breath back.
Something hits you. Something shocks you.
Maggie gestures at you while chanting. The bolt of fire hits you!
* * * LOW HITPOINT WARNING * * *
Unknown command.
Unknown command.
You feel better. Something hits you. Something shocks you.
* * * LOW HITPOINT WARNING * * *
Maggie hits you with a +0 long sword.
* * * LOW HITPOINT WARNING * * *
Unknown command.
It was a potion of attraction.
You feel attractive to monsters.
You break out of your daze.
A sky beast appears from thin air!
Reactivating autopickup.
You block the sky beast's attack. Maggie hits you with a +0 long sword!
* * * LOW HITPOINT WARNING * * *
Unknown command.
Unknown command.
It was a potion of mutation.
You feel extremely strange.
You feel vulnerable to heat.
Your toenails lengthen and sharpen.
The sky beast hits you but does no damage.
Maggie barely misses you.
Unknown command.
It was a potion of brilliance.
You feel clever all of a sudden. The sky beast hits you.
* * * LOW HITPOINT WARNING * * *
The sky beast shocks you.
You die...

##....###......
####..##......
####..##†.)...
##.....###)####
#########..###.##.)#
. ..................#
...#.......#.......##
#.....Y#......#.....#
..#.†@..#.....#...#
#...@#....#....#..#
...#...#...#...#.).##
.
..#..#..#..#..#...##
#. .#.#.#.#.#.#.#.#.#
# ##.###.##.##.##.#.#
( $ .###.##.### # #
###.##...# #.#####..


You could see Maggie (drained) and a sky beast.

Vanquished Creatures
  Grinder (D:4)
  2 water moccasins
  An ogre (D:4)
  2 centaurs
  A kobold brigand (D:6)
  2 phantoms (D:5)
  A bullfrog (D:6)
  4 scorpions
  A howler monkey (D:3)
  2 orc priests
  A jelly (D:5)
  A hound (D:6)
  4 iguanas
  2 sleepcaps
  Natasha (thrice) (D:2)
  5 orc wizards
  Robin (D:4)
  7 adders
  3 white imps
  An ufetubus (D:6)
  2 worms
  A dart slug (D:2)
  14 orcs
  7 ball pythons
  4 bats
  8 endoplasms
  3 giant cockroaches
  15 goblins
  9 hobgoblins
  16 jackals
  4 quokkas
  A frilled lizard (D:1)
  8 kobolds
  9 rats
146 creatures vanquished.

Notes
Turn   | Place    | Note
-------+----------+-------------------------------------------
     0 | D:1      | ZappyNine the Draconian Fighter began the quest for the
                  | Orb.
     0 | D:1      | Reached XP level 1. HP: 19/19 MP: 1/1
   153 | D:1      | Found a faded altar of an unknown god.
   165 | D:1      | Reached XP level 2. HP: 26/26 MP: 2/2
   168 | D:1      | Got Plato's Annotations on the Sphinx
   662 | D:2      | Reached XP level 3. HP: 23/31 MP: 3/3
  1042 | D:2      | Found a hide-covered altar of Uskayaw.
  1224 | D:2      | Noticed Natasha
  1229 | D:2      | Killed Natasha
  1230 | D:2      | Reached XP level 4. HP: 29/40 MP: 4/4
  1236 | D:2      | Reached skill level 4 in Fighting
  1449 | D:2      | Noticed Natasha
  1454 | D:2      | Killed Natasha
  1509 | D:2      | Noticed Natasha
  1519 | D:2      | Killed Natasha
  1520 | D:2      | Reached XP level 5. HP: 35/46 MP: 5/5
  1681 | D:3      | Found a shimmering blue altar of Sif Muna.
  1714 | D:3      | Found a hide-covered altar of Uskayaw.
  1845 | D:3      | Found a shimmering altar of Xom.
  2383 | D:3      | Became a worshipper of Sif Muna the Loreminder
  2544 | D:3      | Reached XP level 6. HP: 53/53 MP: 6/6
  2816 | D:4      | Reached skill level 1 in Spellcasting
  2825 | D:4      | Noticed Grinder
  2833 | D:4      | Paralysed by Grinder for 5 turns
  2845 | D:4      | Paralysed by Grinder for 5 turns
  2858 | D:4      | Paralysed by Grinder for 2 turns
  2871 | D:4      | Paralysed by Grinder for 2 turns
  2877 | D:4      | Killed Grinder
  2878 | D:4      | Reached skill level 5 in Fighting
  2878 | D:4      | Your scales start taking on a lurid green colour.
  2878 | D:4      | Reached XP level 7. HP: 27/61 MP: 10/10
  2878 | D:4      | Gained mutation: Your system is resistant to poisons.
                  | (rPois) [Green Draconian growth]
  3138 | D:4      | Reached * piety under Sif Muna
  3555 | D:4      | Noticed Robin
  3578 | D:4      | Killed Robin
  3687 | D:5      | Entered Level 5 of the Dungeon
  3719 | D:5      | Found a stormy altar of Qazlal.
  3719 | D:5      | Found a sparkling altar of Nemelex Xobeh.
  3854 | D:5      | Found a snail-covered altar of Cheibriados.
  3854 | D:5      | Found a glowing golden altar of the Shining One.
  3855 | D:5      | Found a radiant altar of Vehumet.
  3983 | D:5      | Reached XP level 8. HP: 45/70 MP: 13/13
  4191 | D:5      | Reached skill level 6 in Fighting
  4191 | D:5      | Reached skill level 5 in Dodging
  4220 | D:5      | Found a staircase to the Ecumenical Temple.
  4226 | D:5      | Reached ** piety under Sif Muna
  4571 | D:6      | Reached skill level 5 in Maces & Flails
  4690 | D:6      | Reached skill level 5 in Spellcasting
  4900 | D:6      | Noticed Maggie
  4928 | D:6      | Gained mutation: You are vulnerable to heat. (rF-) [potion
                  | of mutation]
  4928 | D:6      | Gained mutation: You have sharp toenails. [potion of
                  | mutation]
  4929 | D:6      | Slain by a sky beast

Illustrated notes

Levels and vault maps discovered:
D:1:      saegor_arrival_simple_e, layout_rooms,
          shapermc_ecumenical_altar_rom_forum
D:2:      layout_rooms, basic_altar, uniq_natasha
D:3:      layout_basic, amcnicky_altar_gilded,
          nicolae_uskayaw_murder_on_the_dancefloor,
          mainiacjoe_overflow_surrounded_room, minmay_box_of_dots
D:4:      layout_basic, nicolae_ossuary_entry_monument, serial_corexii_hall,
          corexii_hall_statues_x, chequers_hall_statues_y, uniq_grinder,
          uniq_robin
D:5:      layout_rooms, nicolae_overflow_hidden_temple,
          mainiacjoe_overflow_divided_tiny, minmay_temple_entry_large_hall
D:6:      layout_basic, lemuel_doored_altar, minmay_increasing_density,
          uniq_menkaure, uniq_maggie

Skill      XL: |  1  2  3  4  5  6  7  8 |
---------------+-------------------------+-----
Dodging        | 3 4 5 |  5.6
Fighting       | 4 5 6 |  6.7
Maces & Flails | 3 4 5 |  5.6
Shields        | 4 |  4.1
Spellcasting   | 2 3 5 |  5.6

Action                     |  1- 3 |  4- 6 |  7- 9 || total
---------------------------+-------+-------+-------++-------
  Melee: Flail             |   112 |   154 |   204 ||   470
         Tailslap          |     5 |    20 |    18 ||    43
Ability: Breathe Noxious F |       |       |     6 ||     6
    Use: Potion            |     1 |     3 |     4 ||     8
         Scroll            |       |     3 |     3 ||     6
   Stab: Sleeping          |     2 |       |     1 ||     3
         Confused          |       |       |     3 ||     3
 Armour: Skin              |    45 |    64 |    72 ||   181
  Dodge: Dodged            |    91 |    95 |   140 ||   326
  Block: Buckler           |    36 |    29 |    41 ||   106

Table legend: (Time is in decaauts)
 A = Elapsed time spent in this place.
 B = Non-inter-level travel time spent in this place.
 C = Inter-level travel time spent in this place.
 D = Time resting spent in this place.
 E = Time spent auto-exploring this place.
 F = Levels seen in this place.
 G = Mean time per level.
                   A        B        C        D        E       F      G
               +--------+--------+--------+--------+--------+-----+--------+
         Total |   5069 |   4814 |    255 |    658 |   2926 |   6 |  844.8 |
       Dungeon |   5069 |   4814 |    255 |    658 |   2926 |   6 |  844.8 |
               +--------+--------+--------+--------+--------+-----+--------+

Top non-repeatable levels by time:
     D:3: 1148 daAuts
     D:2: 1027 daAuts
     D:4: 960 daAuts
     D:5: 817 daAuts
     D:1: 664 daAuts
     D:6: 450 daAuts
